 Dungeon Crawl Stone Soup version 0.25-a0-651-g8c222c7a2b (webtiles) character file.

Game seed: 10712362220495824939, levelgen mode: deterministic

23636 Conn the Thaumaturge (level 13, -3/88 HPs)
             Began as an Octopode Wizard on Mar 22, 2020.
             Was a High Priest of Sif Muna.
             Slain by a frost giant
             ... wielding a +1 battleaxe of freezing
              (43 damage)
             ... in an ice cave.
             The game lasted 01:30:27 (16626 turns).

Conn the Thaumaturge (Octopode Wizard)             Turns: 16626, Time: 01:30:33

Health: -3/88      AC:  9    Str: 12    XL:     13   Next: 8%
Magic:  5/26       EV: 20    Int: 20    God:    Sif Muna [*****.]
Gold:   764        SH:  5    Dex: 20    Spells: 10/31 levels left

rFire    . . .     SeeInvis .   J - +7 war axe of Pasaiz {venom, rF+ MR+ Stlth+}
rCold    + . .     Gourm    .   y - +0 buckler
rNeg     . . .     Faith    .   G - +1 hat
rPois    .         Spirit   .   D - amulet of magic regeneration
rElec    .         Reflect  .   d - +6 ring of dexterity
rCorr    .         Harm     .   g - ring of stealth
MR       +....                  u - +4 ring of evasion
Stlth    +++++++...             L - ring of ice
HPRegen  0.00/turn              (no ring)
MPRegen  0.45/turn              (no ring)
                                (no ring)
                                (no ring)

@: icy armour, frozen ramparts
A: almost no armour, stealthy swim, amphibious, 8 rings, constrict 8, camouflage
1, agile 1, inhibited regeneration, strong 1, gelatinous body 1
a: Channel Magic, Forget Spell, Divine Exegesis, Renounce Religion


You were in an ice cave.
You worshipped Sif Muna.
Sif Muna was extremely pleased with you.
You were hungry.

You visited 3 branches of the dungeon, and saw 13 of its levels.
You also visited: Ice Cave.

You collected 764 gold pieces.

Inventory:

Hand Weapons
 f - a +2 war axe of venom
 C - the +5 long sword of Slime {vorpal, Str+5 Dex+3}
   (You found it on level 4 of the Dungeon)

   It inflicts extra damage upon your enemies.
   It affects your strength (+5).
   It affects your dexterity (+3).
 J - the +7 war axe of Pasaiz (weapon) {venom, rF+ MR+ Stlth+}
   (You found it on level 9 of the Dungeon)

   It poisons the flesh of those it strikes.
   It protects you from fire.
   It affects your resistance to hostile enchantments.
   It makes you more stealthy.
Missiles
 e - 56 poisoned darts
 k - 16 boomerangs
 w - 101 bolts
 x - 346 arrows
 K - 4 curare-tipped darts (quivered)
Armour
 y - a +0 buckler (worn)
 G - a +1 hat (worn)
Magical Staves
 F - an uncursed staff of fire
Jewellery
 d - a +6 ring of dexterity (left tentacle)
 g - a ring of stealth (right tentacle)
 u - a +4 ring of evasion (on tentacle)
 D - an amulet of magic regeneration (around mantle)
 L - a ring of ice (on tentacle)
Wands
 q - a wand of clouds (2)
 s - a wand of iceblast (6)
 A - a wand of acid (1)
 E - a wand of digging (7)
 H - a wand of polymorph (11)
 N - a wand of enslavement (7)
Scrolls
 b - a scroll of fear {unknown}
 i - 7 scrolls of teleportation
 n - a scroll of summoning {unknown}
 o - 11 scrolls of identify
 r - 6 scrolls of remove curse
 t - a scroll of fog
 z - 2 scrolls of magic mapping
Potions
 a - a potion of flight
 h - a potion of berserk rage
 j - a potion of cancellation
 m - 2 potions of brilliance {unknown}
 p - a potion of stabbing
 B - a potion of haste
 I - a potion of invisibility
Miscellaneous
 l - a lightning rod (3/4)
Comestibles
 c - 16 rations


   Skills:
 * Level 7.9 Fighting
   Level 3.1(6.4) Short Blades
 + Level 9.0(9.2) Long Blades
 + Level 5.4 Axes
 + Level 0.8 Throwing
 - Level 4.4 Dodging
 - Level 8.4 Stealth
 + Level 3.3 Shields
 * Level 9.9 Spellcasting
 * Level 5.5 Conjurations
 + Level 2.0 Charms
 + Level 3.4 Summonings
 + Level 2.5 Translocations
 + Level 0.2 Fire Magic
 + Level 4.8 Ice Magic
 + Level 3.1 Air Magic
 + Level 4.5 Poison Magic
 - Level 4.0 Invocations
 + Level 0.7 Evocations


You had 10 spell levels left.
You knew the following spells:

 Your Spells              Type           Power        Failure   Level  Hunger
a - Magic Dart            Conj           ####         1%          1    None
b - Blink                 Tloc           N/A          4%          2    None
c - Call Imp              Summ           ###.....     2%          2    None
d - Conjure Flame         Conj/Fire      ###.....     7%          3    None
e - Mephitic Cloud        Conj/Pois/Air  ####....     3%          3    None
f - Ozocubu's Armour      Chrm/Ice       #####...     5%          3    None
g - Hailstorm             Conj/Ice       #####...     9%          4    ##.....
h - Frozen Ramparts       Ice            #####.       3%          3    None

Your spell library contained the following spells:

 Spells                   Type           Power        Failure   Level  Hunger
 Freeze                   Ice            ####         1%          1    None
 Summon Small Mammal      Summ           ###.         1%          1    None
 Apportation              Tloc           ###...       2%          1    None
 Swiftness                Chrm/Air       ###.....     3%          2    None
 Corpse Rot               Necr/Air       N/A          6%          2    None
 Recall                   Summ/Tloc      N/A          7%          3    None
 Animate Skeleton         Necr           N/A          8%          1    None
 Corona                   Hex            #......      8%          1    None
 Gell's Gravitas          Tloc           ###.......   9%          3    None
 Slow                     Hex            #.......     12%         2    None
 Summon Ice Beast         Ice/Summ       #####...     14%         4    ##.....
 Confusing Touch          Hex            #.......     22%         3    None
 Summon Demon             Summ           ###.......   45%         5    #####..
 Petrify                  Tmut/Erth      #.......     58%         4    ##.....
 Metabolic Englaciation   Hex/Ice        ####......   58%         5    #####..
 Yara's Violent Unravell  Hex/Tmut       #.........   91%         5    #####..
 Malign Gateway           Summ/Tloc      ###.......   100%        7    #######


Dungeon Overview and Level Annotations

Branches:
Dungeon (9/15)             Temple (1/1) D:6            Lair (3/6) D:9
 Spider (0/4) Lair:2        IceCv (1/1)
  Swamp: Lair:2-4    Shoals: Lair:2-4       Orc: D:9-12

Altars:
Ashenzari
Cheibriados
Fedhas
Hepliaklqana
Kikubaaqudgha
Makhleb
Okawaru
Sif Muna
Trog
Wu Jian
Xom
Yredelemnul

Shops:
D:7 !

Annotations:
D:6 1 runed translucent door, dracos369's ghost, novice DEAM


Innate Abilities, Weirdness & Mutations

You cannot wear most types of armour.
You are very stealthy in the water. (Stealth+)
You are amphibious.
You can wear up to eight rings at the same time.
You can use your tentacles to constrict eight enemies at once.
Your skin changes colour to match your surroundings (Stealth+).
Your rubbery body absorbs attacks. (AC +1, EV +1)
You are agile. (Dex +2)
You do not regenerate when monsters are visible.
Your muscles are strong. (Str +2)


Message History

Aim: a frost giant, wielding a +1 battleaxe of freezing (noxious fumes, moderately wounded, very poisoned, confused)
The thunderbolt hits the frost giant!
The frost giant is heavily wounded.
You hear a bellow!
You hear an angry growl.
The frost giant is engulfed in noxious fumes.
The walls release a blast of icicles at the frost giant!
The frost giant is encased in ice.
The wall releases a blast of icicles at the polar bear!
The polar bear partially resists.
You slash the frost giant!
The frost giant is heavily wounded.
Unknown command.
You hit the frost giant but do no damage.
The frost giant is heavily wounded.
The frost giant seems less confused.
The frost giant is no longer encased in ice.
The walls release a blast of icicles at the frost giant!
The frost giant partially resists.
The frost giant is encased in ice.
The frost giant hits you with a +1 battleaxe of freezing!!!
You die...

#≈≈≈≈≈≈###. ## ≈≈≈≈≈##...
.####≈≈≈≈ ##.. ##..##≈≈≈####.##
###..###≈≈≈##..###
###...##≈≈≈≈≈≈##...# #
#°°##.#≈≈≈≈≈≈≈≈#..## ##h
#○.#C#.≈≈≈≈≈≈≈≈≈≈###.. ☼○## #☼§#
##@#.##≈≈≈≈≈≈≈##..# ###°○
#######..##≈≈≈≈≈≈≈##..## ##...##
###÷..####≈≈≈#≈≈≈####...
#..⌠.≈###.÷.#....######≈≈≈####..
#...###.÷####.....##..##≈≈##.#.
##..☼...## ##......######≈.#..
######## ######## ######


You could see a frost giant.

Vanquished Creatures
  A hydra (Lair:2)
  A death yak (IceCv)
  A two-headed ogre (D:9)
  Pikel (D:7)
  An ice statue (IceCv)
  Maurice (D:9)
  A rime drake (IceCv)
  3 spiny frogs
  5 komodo dragons
  A troll (D:9)
  4 jumping spiders (Lair:2)
  13 polar bears (IceCv)
  2 blink frogs (Lair:2)
  5 hippogriffs
  5 redbacks (Lair:2)
  2 basilisks
  35 yaks
  Sigmund (D:5)
  4 wyverns
  Eustachio (D:5)
  2 hungry ghosts
  Menkaure (D:7)
  2 water moccasins (Lair:1)
  An acid dragon (D:9)
  4 porcupines
  Duvessa (D:5)
  2 orc warriors
  4 slaves (D:7)
  2 phantoms
  2 ice beasts (D:9)
  3 sky beasts
  2 necrophages
  3 ogres
  18 wolves (IceCv)
  6 crocodiles
  4 centaurs
  12 bullfrogs
  A big kobold (D:7)
  2 scorpions
  13 killer bees
  4 howler monkeys
  6 wights (D:8)
  3 crimson imps
  2 hounds
  A bullfrog skeleton (D:9)
  2 orc priests (D:9)
  8 orc wizards
  3 iguanas
  6 worker ants
  A mummy (D:4)
  A worker ant zombie (D:9)
  8 adders
  A shadow imp (D:7)
  3 adder skeletons
  4 worms
  3 dart slugs (D:1)
  4 leopard geckos
  27 orcs
  8 giant cockroaches
  6 goblins
  5 hobgoblins
  2 jackals
  2 quokkas
  2 ball pythons
  8 bats
  7 frilled lizards
  15 kobolds
  A leopard gecko skeleton (D:4)
  A quokka skeleton (D:7)
  9 rats
  A bush (Lair:2)
  A fungus (Lair:2)
  A plant (Lair:2)
329 creatures vanquished.

Vanquished Creatures (collateral kills)
  A troll (D:9)
  A redback (Lair:2)
  An ice beast (D:5)
  Dowan (D:5)
  A killer bee (D:7)
  A wight (D:8)
  An ooze (D:5)
  An orc (D:5)
  4 jackals
  3 kobolds (D:1)
15 creatures vanquished.

Vanquished Creatures (others)
  A polar bear (IceCv)
  A yak (IceCv)
  A bush (D:1)
  6 fungi
  2 plants
11 creatures vanquished.

Grand Total: 355 creatures vanquished

Notes
Turn   | Place    | Note
-------+----------+-------------------------------------------
     0 | D:1      | Conn the Octopode Wizard began the quest for the Orb.
     0 | D:1      | Reached XP level 1. HP: 11/11 MP: 4/4
   151 | D:1      | Reached XP level 2. HP: 10/17 MP: 0/6
   293 | D:1      | Learned a level 2 spell: Blink
   296 | D:1      | Learned a level 2 spell: Call Imp
   751 | D:1      | Reached XP level 3. HP: 21/21 MP: 8/8
  1079 | D:1      | Learned a level 3 spell: Conjure Flame
  1919 | D:2      | Reached XP level 4. HP: 27/27 MP: 10/10
  2400 | D:3      | Reached skill level 1 in Short Blades
  2400 | D:3      | Reached XP level 5. HP: 6/32 MP: 9/11
  3002 | D:4      | You fall into a shaft and drop 2 floors!
  3002 | D:6      | Found a staircase to the Ecumenical Temple.
  3006 | Temple   | Entered the Ecumenical Temple
  3037 | Temple   | Became a worshipper of Sif Muna the Loreminder
  3101 | D:6      | Found a runed translucent door.
  3101 | D:6      | Found a shimmering altar of Xom.
  3101 | D:6      | Noticed dracos369's ghost (novice DEAM)
  3102 | D:6      | Noticed a +2 dagger of chaos
  3117 | D:6      | Learned a level 3 spell: Mephitic Cloud
  3149 | D:6      | Found a blossoming altar of Fedhas.
  3293 | D:6      | Noticed a necrophage
  3344 | D:6      | Killed a necrophage
  3344 | D:6      | Reached skill level 5 in Stealth
  3344 | D:6      | Reached XP level 6. HP: 30/37 MP: 2/12
  3759 | D:5      | Entered Level 5 of the Dungeon
  3772 | D:5      | Noticed Eustachio
  3774 | D:5      | Noticed Duvessa
  3774 | D:5      | Noticed Dowan
  3799 | D:5      | Reached skill level 1 in Shields
  3807 | D:5      | Killed Dowan
  3815 | D:5      | Found a snail-covered altar of Cheibriados.
  3816 | D:5      | Noticed an ice beast
  3838 | D:5      | Noticed Sigmund
  4298 | D:5      | Killed Duvessa
  4298 | D:5      | Reached skill level 1 in Fighting
  4298 | D:5      | Reached XP level 7. HP: 22/43 MP: 1/14
  4420 | D:5      | Killed Sigmund
  4560 | D:5      | Killed Eustachio
  4560 | D:5      | Reached skill level 5 in Spellcasting
  4872 | D:5      | Reached XP level 8. HP: 48/48 MP: 3/15
  5283 | D:4      | Reached skill level 1 in Axes
  5819 | D:4      | Reached * piety under Sif Muna
  5854 | D:4      | Got a warped long sword
  5855 | D:4      | Identified the +5 long sword of Slime {vorpal, Str+5 Dex+3}
                  | (You found it on level 4 of the Dungeon)
  5865 | D:4      | Found a hazy altar of Hepliaklqana.
  6510 | D:7      | Noticed a hippogriff
  6527 | D:7      | Killed a hippogriff
  6527 | D:7      | Reached skill level 1 in Long Blades
  6527 | D:7      | Reached skill level 1 in Invocations
  6736 | D:6      | Reached XP level 9. HP: 22/56 MP: 11/17
  7391 | D:7      | Noticed Pikel
  7411 | D:7      | Killed Pikel
  7411 | D:7      | Reached skill level 1 in Air Magic
  7411 | D:7      | Reached skill level 1 in Poison Magic
  7737 | D:7      | Found Vivymm's Distillery.
  7745 | D:7      | Noticed Menkaure
  7753 | D:7      | Killed Menkaure
  7973 | D:7      | Reached ** piety under Sif Muna
  7976 | D:7      | Reached skill level 5 in Long Blades
  8341 | D:8      | Reached XP level 10. HP: 28/63 MP: 19/19
  9064 | D:9      | Reached *** piety under Sif Muna
  9081 | D:9      | Reached skill level 5 in Fighting
  9748 | D:9      | Noticed a two-headed ogre
  9765 | D:9      | Killed a two-headed ogre
 10249 | D:9      | Reached XP level 11. HP: 54/72 MP: 20/22
 10402 | D:9      | Noticed Maurice
 10411 | D:9      | Killed Maurice
 10662 | D:9      | Learned a level 3 spell: Ozocubu's Armour
 10716 | D:9      | Found a staircase to the Lair.
 10750 | D:9      | Got a pitted war axe
 10751 | D:9      | Identified the +7 war axe of Pasaiz {venom, rF+ MR+ Stlth+}
                  | (You found it on level 9 of the Dungeon)
 10920 | Lair:1   | Entered Level 1 of the Lair of Beasts
 10926 | Lair:1   | Reached **** piety under Sif Muna
 11073 | Lair:1   | Reached skill level 1 in Ice Magic
 11089 | Lair:1   | You fall into a shaft and drop 1 floor!
 11462 | Lair:2   | Noticed a seven-headed hydra
 11604 | Lair:2   | Killed a seven-headed hydra
 11764 | Lair:2   | Learned a level 4 spell: Hailstorm
 11861 | Lair:2   | Gained mutation: You do not regenerate when monsters are
                  | visible. [potion of mutation]
 11861 | Lair:2   | Gained mutation: Your muscles are strong. (Str +2) [potion
                  | of mutation]
 11861 | Lair:2   | Gained mutation: You are agile. (Dex +2) [potion of
                  | mutation]
 12400 | Lair:2   | Found a hole to the Spider Nest.
 12402 | Lair:2   | Reached skill level 1 in Charms
 12405 | Lair:2   | Reached XP level 12. HP: 80/80 MP: 21/24
 14113 | Lair:3   | Learned a level 3 spell: Frozen Ramparts
 14177 | Lair:3   | Found a basalt altar of Yredelemnul.
 14300 | Lair:3   | Found a frozen archway.
 14307 | IceCv    | Entered an ice cave
 15014 | IceCv    | Reached ***** piety under Sif Muna
 15506 | IceCv    | Reached skill level 5 in Axes
 15884 | IceCv    | Identified Sif Muna's Papyrus of Aerial Companions (Sif
                  | Muna gifted it to you in an ice cave)
 15884 | IceCv    | Received a gift from Sif Muna
 15892 | IceCv    | Reached skill level 5 in Conjurations
 16120 | IceCv    | Noticed a death yak
 16170 | IceCv    | Killed a death yak
 16170 | IceCv    | Reached XP level 13. HP: 17/88 MP: 8/26
 16207 | IceCv    | HP: 3/132 [something (9)]
 16602 | IceCv    | Noticed a frost giant
 16626 | IceCv    | Slain by a frost giant

Levels and vault maps discovered:
D:1:      lightli_arrival_flooded_house, layout_rooms, hangedman_decor_push,
          lexackson_kobold_supper
D:2:      layout_loops_ring, first_ration
D:3:      layout_basic, supply_closet_lemuel
D:4:      layout_loops_ring, lemuel_doored_altar, gup_ossuary_entry_pyramid
D:5:      layout_basic, basic_altar, uniq_eustachio, uniq_sigmund, uniq_duvessa
D:6:      layout_gridville, minmay_temple_entry_grid, ebering_ghost_xom,
          basic_altar
D:7:      layout_gridville, serial_shops, nicolae_shop_waterfront, uniq_pikel,
          uniq_menkaure
D:8:      layout_rooms
D:9:      layout_basic, erik_lair_dragon,
          kennysheep_orc_monster_closet_entryway, david_nohive_1, uniq_maurice
Temple:   roderic_octagonal_lattice_temple
Lair:1:   layout_chaotic_city, lemuel_fruit_fields
Lair:2:   layout_concentric_octagons, nicolae_spider_entry_tight_spaces,
          chequers_serial_rivers_micro_e, beast_lair_carwin_9
Lair:3:   layout_regular_city, minmay_swamp_entry_reptiles,
          portal_ice_cave_entry_pillars_2, basic_altar, serial_bayou_shore_a
IceCv:    ice_cave_caverns_02

Skill      XL: |  1  2  3  4  5  6  7  8  9 10 11 12 13 |
---------------+----------------------------------------+-----
Stealth        | 3 4 5 6 7 8 |  8.4
Spellcasting   | 4 5 6 7 8 9 |  9.9
Short Blades   | 1 2 3 |  3.1
Shields        | 1 2 3 |  3.3
Summonings     | 2 3 |  3.4
Fighting       | 1 3 4 5 6 7 |  7.9
Dodging        | 3 4 |  4.4
Conjurations   | 2 3 5 |  5.5
Axes           | 2 3 5 |  5.4
Long Blades    | 2 5 7 9 |  9.0
Invocations    | 1 3 4 |  4.0
Air Magic      | 1 2 3 |  3.1
Poison Magic   | 1 3 4 |  4.5
Ice Magic      | 2 4 |  4.8
Translocations | 2 |  2.5
Charms         | 1 2 |  2.0
Throwing       | |  0.8
Fire Magic     | |  0.2
Evocations     | |  0.7

Action                   |  1- 3 |  4- 6 |  7- 9 | 10-12 | 13-15 || total
-------------------------+-------+-------+-------+-------+-------++-------
Melee: Unarmed           |    36 |       |       |       |       ||    36
       Constrict         |    27 |    19 |    40 |    62 |       ||   148
       Tentacles         |    33 |    11 |    35 |   135 |     1 ||   215
       Dagger            |    79 |       |       |       |       ||    79
       Short sword       |    32 |    69 |    16 |       |       ||   117
       War axe           |       |       |    47 |   286 |    11 ||   344
       Long sword        |       |       |    96 |   176 |       ||   272
Throw: Dart              |       |     4 |     9 |       |     1 ||    14
 Cast: Magic Dart        |    21 |    18 |    77 |    97 |    13 ||   226
       Call Imp          |     4 |    10 |    14 |     5 |       ||    33
       Blink             |       |     4 |     7 |    26 |     1 ||    38
       Mephitic Cloud    |       |     3 |    17 |    56 |    14 ||    90
       Conjure Flame     |       |       |     6 |     2 |     1 ||     9
       Ozocubu's Armour  |       |       |       |    27 |     3 ||    30
       Frozen Ramparts   |       |       |       |     3 |     3 ||     6
       Hailstorm         |       |       |       |     1 |     2 ||     3
Invok: Channel Magic     |       |       |       |     1 |     1 ||     2
Evoke: Wand              |       |       |     3 |    11 |     1 ||    15
       Lightning rod     |       |       |       |       |     1 ||     1
  Use: Scroll            |     1 |     4 |     4 |       |       ||     9
       Potion            |       |     3 |     9 |     9 |     3 ||    24
 Stab: Sleeping          |    13 |    11 |    10 |    20 |       ||    54
       Confused          |       |     2 |     7 |    29 |       ||    38
       Distracted        |       |       |       |     2 |       ||     2
  Eat: Chunk             |     3 |     4 |     9 |    29 |     1 ||    46
       Ration            |       |     1 |     2 |       |       ||     3
Armor: Skin              |     8 |     5 |     4 |    42 |       ||    59
Dodge: Dodged            |    57 |    62 |   159 |   401 |     5 ||   684
Block: Buckler           |       |     9 |    47 |   121 |     2 ||   179
       Rpst.: Long sword |       |       |    31 |    40 |       ||    71

Table legend:
 A = Non-vault XP
 B = Vault XP
 C = Vault XP percentage of total XP
 D = Non-vault monster count
 E = Vault monster count
 F = Vault count percentage of total count
                 A         B        C        D         E       F
            +---------+---------+-------+---------+---------+-------
      Total |   16235 |   17531 |  51.9 |     241 |      96 |  28.5
            +---------+---------+-------+---------+---------+-------
        D:1 |      36 |      10 |  21.7 |      21 |       8 |  27.6
        D:2 |      59 |       0 |   0.0 |      23 |       0 |   0.0
        D:3 |     138 |       0 |   0.0 |      18 |       0 |   0.0
        D:4 |     413 |      18 |   4.2 |      15 |       1 |   6.2
        D:5 |     483 |     565 |  53.9 |       9 |       4 |  30.8
        D:6 |     289 |       0 |   0.0 |       3 |       0 |   0.0
        D:7 |    1621 |     685 |  29.7 |      41 |       2 |   4.7
        D:8 |    1176 |       0 |   0.0 |      33 |       0 |   0.0
        D:9 |    4213 |    1996 |  32.1 |      36 |      14 |  28.0
     Lair:1 |    2064 |       0 |   0.0 |      13 |       0 |   0.0
     Lair:2 |    3383 |    4686 |  58.1 |      16 |      18 |  52.9
     Lair:3 |    2360 |       0 |   0.0 |      13 |       0 |   0.0
      IceCv |       0 |    9571 | 100.0 |       0 |      49 | 100.0
            +---------+---------+-------+---------+---------+-------
